 Dungeon Crawl Stone Soup version 0.17.0-24-gcfadda4 (webtiles) character file.

114 oplop the Skirmisher (level 4, -1/31 HPs)
             Began as an Octopode Transmuter on Nov 15, 2015.
             Slain by a hound (6 damage)
             ... on level 3 of the Dungeon.
             The game lasted 00:02:14 (2063 turns).

oplop the Skirmisher (Octopode Transmuter)          Turns: 2063, Time: 00:02:14

Health: -1/31      AC:  1    Str: 10    XL:     4   Next: 98%
Magic:  7/8        EV: 12    Int: 20    God:
Gold:   107        SH:  0    Dex: 12    Spells: 1 memorised, 7 levels left

rFire  . . .     SeeInvis .     i - +2 dagger (venom)
rCold  . . .     Clarity  .     (no shield)
rNeg   . . .     SustAt   .     (helmet restricted)
rPois  .         Gourm    .     (no amulet)
rElec  .         Spirit   .     n - +5 ring of intelligence
rCorr  .         Warding  .     (no ring)
rMut   .         Stasis   .     (no ring)
MR     .....                    (no ring)
Stlth  ++........               (no ring)
                                (no ring)
                                (no ring)
                                (no ring)

@: lethally poisoned (-1 -> -4), appendage, not resistant to hostile
enchantments, unstealthy
A: almost no armour, amphibious, 8 rings, constrict 8, tentacle spike 3,
camouflage 1, gelatinous body 1
a: End Transformation


You were on level 3 of the Dungeon.
You were not hungry.
One of your tentacles had a temporary spike.
You visited 1 branch of the dungeon, and saw 3 of its levels.

You collected 107 gold pieces.

Inventory:

Hand Weapons
 i - a +2 dagger of venom (weapon)
Missiles
 a - 39 arrows
 j - 5 javelins (quivered)
Jewellery
 n - a +5 ring of intelligence (left tentacle)
Scrolls
 d - a scroll of identify {unknown}
 e - a scroll of magic mapping {unknown}
 g - a scroll of blinking {unknown}
 h - a scroll of remove curse {unknown}
 l - a scroll of teleportation {unknown}
 p - a scroll of enchant weapon {unknown}
Potions
 m - a potion of heal wounds {unknown}
 o - a potion of curing {unknown}
 r - 2 potions of mutation {unknown}
Books
 b - a book of Changes

   Spells                             Type                      Level
   a - Beastly Appendage              Transmutation                1
   b - Sticks to Snakes               Transmutation                2
   c - Spider Form                    Transmutation/Poison         3
   d - Ice Form                       Ice/Transmutation            4
   e - Blade Hands                    Transmutation                5
Comestibles
 c - 2 bread rations
 f - a slice of pizza
 k - 5 fruits


   Skills:
 + Level 3.1 Fighting
 - Level 2.0 Dodging
 - Level 3.0 Unarmed Combat
 + Level 2.9 Spellcasting
 + Level 3.0 Transmutations


You had 7 spell levels left.
You knew the following spells:

 Your Spells              Type           Power        Failure   Level  Hunger
a - Beastly Appendage     Trmt           ###...       4%          1    None


Dungeon Overview and Level Annotations

Branches:
Dungeon (3/15)

Altars:
Okawaru
Xom


Innate Abilities, Weirdness & Mutations

You cannot wear most types of armour.
You are amphibious.
You can wear up to eight rings at the same time.
You can use your tentacles to constrict eight enemies at once.
Your skin changes colour to match your surroundings (Stealth).
Your rubbery body absorbs attacks (AC +1).
One of your tentacles bears a large vicious spike.


Message History

a blowgun; 6 poisoned needles; a scroll labeled ZAUGOI ETTETU; 19 gold pieces Drink which item? (? for menu, Esc to quit)
Okay, then.
You feel sick.
The kobold moves out of view.
You see here a stone.
You feel sick.
The hound pauses to sniff the ground.
You see here a poisoned needle.
You feel sick.
You see here a dagger.
Casting: Beastly Appendage
Confirm with . or Enter, or press ? or * to list all spells.
You extend your transformation's duration.
You barely miss the hound. Your grab misses the hound.
Your squeeze misses the hound. The hound bites you.
You closely miss the hound. Your grab misses the hound.
You feel sick. The hound bites you.
* * * LOW HITPOINT WARNING * * *
The hound bites you.
You die...

## #.. #...
##################....
#######...................
. .[.(.[...#######.##.##(.
... .######..#
#@##.#.#..... .#### #..#
#.h.KK....... ....# #..#
#.##..##..... .##.# #..#
#..#..# ... .##.# #..#
#..#.#.# . .##.# ##.#
#........ .##.## #.#
#....####. .....###)#
#..>.# # .........# #.....


You could see a hound and 2 kobolds.

Vanquished Creatures
  3 gnolls (D:3)
  2 adders (D:2)
  2 oozes (D:1)
  A giant gecko (D:1)
  4 orcs
  2 ball pythons (D:2)
  4 giant cockroaches
  6 hobgoblins
  5 kobolds
  6 bats
  4 giant newts
  11 goblins
  7 rats
57 creatures vanquished.

Notes
Turn   | Place    | Note
--------------------------------------------------------------
     0 | D:1      | oplop the Octopode Transmuter began the quest for the Orb.
     0 | D:1      | Reached XP level 1. HP: 13/13 MP: 3/3
   125 | D:1      | Reached XP level 2. HP: 12/18 MP: 3/5
   417 | D:1      | Reached XP level 3. HP: 7/24 MP: 6/6
  1146 | D:2      | Found a shimmering altar of Xom.
  1188 | D:2      | Reached XP level 4. HP: 27/30 MP: 5/7
  1261 | D:2      | Found an iron altar of Okawaru.
  2063 | D:3      | Slain by a hound

Action                   |  1- 3 |  4- 6 || total
-------------------------+-------+-------++-------
Melee: Unarmed           |    36 |       ||    36
       Dagger            |    29 |    47 ||    76
 Cast: Beastly Appendage |    13 |    11 ||    24
 Stab: Sleeping          |     2 |     3 ||     5
  Eat: Meat ration       |     1 |       ||     1
